 Dungeon Crawl Stone Soup version 0.24.0-123-gd5b16e6ec5 (webtiles) character file.

Game seed: 15430183511868304625, levelgen mode: deterministic

28 AuftragZ the Charmwright (level 3, -3/31 HPs)
             Began as a Gnoll Skald on Feb 4, 2020.
             Slain by a kobold
             ... wielding a cursed +0 short sword
              (4 damage)
             ... on level 1 of the Dungeon.
             The game lasted 00:01:18 (441 turns).

AuftragZ the Charmwright (Gnoll Skald)               Turns: 441, Time: 00:01:20

Health: -3/31      AC:  3    Str: 14    XL:     3   Next: 12%
Magic:  9/9        EV: 14    Int: 15    God:
Gold:   0          SH:  0    Dex: 14    Spells: 11/12 levels left

rFire    . . .     SeeInvis .   a - +0 short sword
rCold    . . .     Gourm    .   (no shield)
rNeg     . . .     Faith    .   b - +0 leather armour
rPois    .         Spirit   .   (no helmet)
rElec    .         Reflect  .   (no cloak)
rCorr    .         Harm     .   (no gloves)
MR       .....                  (no boots)
Stlth    +.........             (no amulet)
HPRegen  0.10/turn              (no ring)
MPRegen  0.11/turn              (no ring)

@: no status effects
A: distributed training, fangs 1, strong nose
a: no special abilities


You were on level 1 of the Dungeon.
You were not hungry.

You visited 1 branch of the dungeon, and saw 1 of its levels.

Inventory:

Hand Weapons
 a - a +0 short sword (weapon)
Armour
 b - a +0 leather armour (worn)
Scrolls
 c - a scroll of random uselessness {unknown}
 e - a scroll of magic mapping {unknown}
 f - 2 scrolls of identify {unknown}
Comestibles
 d - a ration


   Skills:
 + Level 4.5 Fighting
 + Level 4.5 Short Blades
 + Level 0.6 Long Blades
 + Level 0.6 Axes
 + Level 0.6 Maces & Flails
 + Level 0.6 Polearms
 + Level 0.6 Staves
 + Level 0.6 Slings
 + Level 0.6 Bows
 + Level 0.6 Crossbows
 + Level 0.6 Throwing
 + Level 2.5 Armour
 + Level 4.5 Dodging
 + Level 0.6 Stealth
 + Level 0.6 Shields
 + Level 0.6 Unarmed Combat
 + Level 5.0 Spellcasting
 + Level 0.4 Conjurations
 + Level 0.4 Hexes
 + Level 5.4 Charms
 + Level 0.4 Summonings
 + Level 0.4 Necromancy
 + Level 0.4 Translocations
 + Level 0.4 Transmutations
 + Level 0.4 Fire Magic
 + Level 0.4 Ice Magic
 + Level 0.4 Air Magic
 + Level 0.4 Earth Magic
 + Level 0.4 Poison Magic
 + Level 0.8 Invocations
 + Level 0.6 Evocations


You had 11 spell levels left.
You knew the following spells:

 Your Spells              Type           Power        Failure   Level  Hunger
a - Infusion              Chrm           ###.         2%          1    None

Your spell library contained the following spells:

 Spells                   Type           Power        Failure   Level  Hunger
 Song of Slaying          Chrm           ###.....     3%          2    ##.....
 Shroud of Golubria       Chrm/Tloc      ##....       9%          2    ##.....
 Regeneration             Chrm/Necr      ##........   19%         3    ###....
 Spectral Weapon          Hex/Chrm       ##......     19%         3    ###....


Dungeon Overview and Level Annotations

Branches:
Dungeon (1/15)

Altars:


Innate Abilities, Weirdness & Mutations

Your experience applies equally to all skills.
You have very sharp teeth.
Your uncanny sense of smell can sniff out nearby items.


Message History

You closely miss the rat.
The rat is heavily wounded.
The rat bites you but does no damage. The bat hits you but does no damage.
The kobold hits you with a cursed +0 short sword!
* * * LOW HITPOINT WARNING * * *
The hobgoblin barely misses you.
You puncture the rat!
You kill the rat!
The bat closely misses you.
The kobold hits you with a cursed +0 short sword.
* * * LOW HITPOINT WARNING * * *
The kobold hits you but does no damage. The bat closely misses you.
You see here a rat corpse.
You hit the hobgoblin.
You bite the hobgoblin, but do no damage.
The hobgoblin is almost dead.
The bat misses you. The hobgoblin hits you.
* * * LOW HITPOINT WARNING * * *
The kobold hits you with a cursed +0 short sword.
You die...

..# ∆ .. ## .... .# ##..
... ..## ....###..#..
### ... ... ∆....#.#
##... ..#..# #.#.#.#
.....##.#.# #...#.##
..........# #.....#
......#@##########.#..##
......Kg........^.......
........b(..(######..#..
.....###.(##.....##.....
%.... ##..#####..#.....
#### ##.# #....... .#
#......) ..#.....#....#
#.......##...#


You could see a hobgoblin, a bat and a kobold.

Vanquished Creatures
  3 dart slugs (D:1)
  A leopard gecko (D:1)
  2 giant cockroaches (D:1)
  3 goblins (D:1)
  A hobgoblin (D:1)
  3 jackals (D:1)
  A kobold (D:1)
  3 bats (D:1)
  A rat (D:1)
18 creatures vanquished.

Notes
Turn   | Place    | Note
-------+----------+-------------------------------------------
     0 | D:1      | AuftragZ the Gnoll Skald began the quest for the Orb.
     0 | D:1      | Reached XP level 1. HP: 20/20 MP: 6/6
    62 | D:1      | Reached XP level 2. HP: 20/26 MP: 7/7
   102 | D:1      | Reached XP level 3. HP: 3/31 MP: 9/9
   435 | D:1      | Reached skill level 5 in Spellcasting
   441 | D:1      | HP: 1/31 [hobgoblin (3)]
   441 | D:1      | Slain by a kobold

Levels and vault maps discovered:
D:1:      dpeg_arrival_round_c, layout_rooms, minmay_misc_feat_pillars,
          minmay_misc_feat_tower

Skill      XL: |  1  2  3 |
---------------+----------+-----
Spellcasting   | 5 |  5.0
Fighting       | |  4.5
Short Blades   | |  4.5
Long Blades    | |  0.6
Axes           | |  0.6
Maces & Flails | |  0.6
Polearms       | |  0.6
Staves         | |  0.6
Slings         | |  0.6
Bows           | |  0.6
Crossbows      | |  0.6
Throwing       | |  0.6
Armour         | |  2.5
Dodging        | |  4.5
Stealth        | |  0.6
Shields        | |  0.6
Unarmed Combat | |  0.6
Conjurations   | |  0.4
Hexes          | |  0.4
Charms         | |  5.4
Summonings     | |  0.4
Necromancy     | |  0.4
Translocations | |  0.4
Transmutations | |  0.4
Fire Magic     | |  0.4
Ice Magic      | |  0.4
Air Magic      | |  0.4
Earth Magic    | |  0.4
Poison Magic   | |  0.4
Invocations    | |  0.8
Evocations     | |  0.6

Action                   || total
-------------------------++-------
Melee: Short sword       ||    83
       Bite              ||     8
       Punch             ||     1
Armor: Leather armour    ||    34
Dodge: Dodged            ||   118
